 Dungeon Sprint DCSS version 0.20-a0-820-g557356e (webtiles) character file.

19 esc the Charlatan (level 2, -1/16 HPs)
             Began as a Vine Stalker Artificer on Mar 4, 2017.
             Slain by Jessica (2 damage)
             ... in the Dungeon (Sprint III: "The Ten Rune Challenge").
             The game lasted 00:01:53 (114 turns).

esc the Charlatan (Vine Stalker Artificer)           Turns: 114, Time: 00:01:54

Health: -1/16      AC:  3    Str: 14    XL:     2   Next: 75%
Magic:  0/5        EV: 12    Int: 11    God:
Gold:   0          SH:  0    Dex: 14    Spells: 1/1 levels left

rFire    . . .     SeeInvis .   a - +0 short sword
rCold    . . .     Gourm    .   b - +0 leather armour
rNeg     . . .     Faith    .   (no shield)
rPois    .         Spirit   +   (no helmet)
rElec    .         Reflect  .   (no cloak)
rCorr    .         Harm     .   (no gloves)
MR       .....     NoTele   +   (no boots)
Stlth    ++........             (no amulet)
Regen    0.1/turn               (no ring)
MPRegen  0.1/turn               (no ring)

@: exhausted, slowed, very slow
A: fangs 2, magic shield, antimagic bite, no potion heal 3, rot immunity
a: no special abilities


You were in the Dungeon.
You were not hungry.

You visited 1 branch

Inventory:

Hand Weapons
 a - a +0 short sword (weapon)
Armour
 b - a +0 leather armour (worn)
Wands
 c - a wand of flame (15/48)
 d - a wand of enslavement (11/24)
 e - a wand of random effects (13/48)
Scrolls
 l - a scroll of blinking {!r}
 n - a scroll of fear {unknown}
Potions
 g - a potion of curing
 h - a potion of heal wounds
 i - a potion of haste
 j - 2 potions of magic
Comestibles
 f - a bread ration {@e1}
 m - 2 chunks of flesh {@w0}
 o - a meat ration {@e2}


   Skills:
 + Level 2.5 Fighting
 + Level 2.2 Short Blades
 + Level 2.5 Dodging
 - Level 1.2 Stealth
 + Level 3.6 Evocations


You had one spell level left.
You didn't know any spells.

Dungeon Overview and Level Annotations

Branches:
Dungeon (1/1)

Altars:

Annotations:
D Jessica


Innate Abilities, Weirdness & Mutations

You have extremely sharp teeth.
When hurt, damage is shared between your health and your magic reserves.
Your bite disrupts and absorbs the magic of your enemies.
Potions cannot restore your health.
You are immune to rotting.


Message History

Jessica zaps a wand.
You resist with significant effort.
Your transformation is almost over.
Your phantom blinks!
Jessica mumbles some strange words.
Jessica blinks!
You start waiting.
You stop sporulating.
Your +0 short sword unmelds from your body.
Your +0 leather armour unmelds from your body.
Jessica shouts, "You are a ghastly nuisance!"
Jessica casts a spell.
Jessica blinks!
You swap places.
Jessica gestures wildly while chanting.
Jessica blinks!
A human comes into view.
Your phantom blinks!
Jessica casts a spell at you.
You barely resist.
The human shouts!
What are your orders? t - Shout!
Orders for allies: a - Attack new target. p - Attack previous target. r - Retreat! s - Stop attacking. g - Guard the area. f - Follow me.
Anything else - Cancel.
Gang up on whom?
Aim: a human Attack!
Your phantom hits the human. Your phantom hits the human.
Your phantom blinks!
Jessica zaps a wand.
You resist with significant effort.
Jessica casts a spell.
Jessica blinks!
Aim: a human (lightly wounded)
The mass of ice explodes!
The iceblast engulfs the human.
This wand has 14 charges left.
You barely miss the human. The human hits you.
You take 3 damage, and have 7/10 hp.
MASSIVE DAMAGE!!
You now have 2/4 mp.
You hit the human but do no damage. You bite the human. You drain its power.
You feel invigorated.
The phantom is no longer charmed.
The human hits you.
The phantom blinks!
You take 2 damage, and have 5/10 hp.
You now have 1/4 mp.
You miss the human. The human closely misses you.
You hit the human.
Jessica mumbles some strange words.
Jessica blinks!
The human hits you but does no damage.
You closely miss the human. You bite the human, but do no damage.
The human hits you.
* * * LOW HITPOINT WARNING * * *
You take 4 damage, and have 2/10 hp.
MASSIVE DAMAGE!!
Aim: a human (severely wounded)
The human seems to speed up.
This wand has 13 charges left.
The human hits you but does no damage.
Jessica mumbles some strange words.
Jessica blinks!
The human closely misses you.
Really quaff
k - a potion of berserk rage {!q}?
A red film seems to cover your vision as you go berserk!
You feel yourself moving faster!
You feel mighty! The human barely misses you.
You now have 3/15 hp.
You puncture the human! You bite the human. You drain its power.
You feel invigorated.
You kill the human!
Your Fighting skill increases to level 2!
Your Short Blades skill increases to level 2!
Your Dodging skill increases to level 2!
You have reached level 2!
You regained 2 hp, and now have 5/24 hp.
MP restored: 5 The phantom blinks!
You feel a strong urge to attack something.
You feel your anger subside.
You are no longer berserk.
You are exhausted.
You feel yourself slow down.
You now have 4/16 hp.
Jessica misses you.
Jessica zaps a wand.
You resist with some effort. Jessica gestures at you while chanting.
You barely resist. The phantom barely misses you.
Jessica mumbles something strange.
Jessica barely misses you. The phantom hits you!
* * * LOW HITPOINT WARNING * * *
Jessica misses you.
You take 3 damage, and have 1/16 hp.
You now have 1/5 mp.
The phantom closely misses you. Jessica hits you.
The phantom hits you but does no damage.
You now have 0/5 mp.
Unknown command.
Jessica closely misses you. The phantom misses you.
Jessica hits you but does no damage.
The phantom hits you but does no damage.
Jessica hits you.
You die...

▓.÷...#....≈♣ ♣.
▓.....#...≈≈♣♣..♣
▓.....#..≈≈≈≈♣..♣.
▓####'#..≈≈≈≈≈≈♣..
▓.....#.≈≈≈≈≈≈....
▓.....#.≈≈≈≈≈.....
▓.....#.≈≈≈.......
▓'#####W..........
▓......@@.........
▓▓▓▓▓▓▓▓▓▓▓▓▓▓▓▓▓▓


You could see a phantom and Jessica.

Vanquished Creatures
  A human (D)
  A kobold (D)
  2 rats (D)
4 creatures vanquished.

Notes
Turn   | Place    | Note
-------+----------+-------------------------------------------
     0 | D        | esc the Vine Stalker Artificer began the quest for the Orb.
     0 | D        | Reached XP level 1. HP: 9/9 MP: 3/3
     3 | D        | Reached skill level 1 in Fighting
     3 | D        | Reached skill level 1 in Short Blades
    14 | D        | Noticed Jessica
    22 | D        | Reached skill level 3 in Evocations
   100 | D        | HP: 2/10 [human (4)]
   104 | D        | Reached skill level 2 in Fighting
   104 | D        | Reached skill level 2 in Short Blades
   104 | D        | Reached skill level 2 in Dodging
   104 | D        | Reached XP level 2. HP: 5/16 MP: 5/5
   111 | D        | HP: 1/16 [phantom (3)]
   114 | D        | Slain by Jessica

Vault maps used:
D:        dungeon_sprint_mu

Skill      XL: |  1 |
---------------+----+-----
Fighting       | 2 |  2.5
Short Blades   | 2 |  2.2
Evocations     | 3 |  3.6
Dodging        | 2 |  2.5
Stealth        | |  1.2

Action                   || total
-------------------------++-------
Melee: Short sword       ||    13
       Bite              ||     3
Evoke: Wand              ||     6
  Use: Potion            ||     1
Armor: Leather armour    ||     8
Dodge: Dodged            ||    13

Vault maps used:
D:        dungeon_sprint_mu

Table legend:
 A = Turns spent in this place as a percentage of turns spent in the entire game.
 B = Non-inter-level travel turns spent in this place as a percentage of non-inter-level travel turns spent in the entire game.
 C = Inter-level travel turns spent in this place as a percentage of turns spent in this place.
 D = Turns resting spent in this place as a percentage of non-inter-level travel turns spent in this place.
 E = Turns spent auto-exploring this place as a percentage of non-inter-level travel turns spent in this place.
 F = Non-inter-level travel turns spent in this place divided by the number of levels of this place that you've seen.
                   A       B       C       D       E      F
               +-------+-------+-------+-------+-------+----------------------
         Total | 100.0 | 100.0 |   0.0 |   1.7 |   0.0 | 115.0
       Dungeon | 100.0 | 100.0 |   0.0 |   1.7 |   0.0 | 115.0
               +-------+-------+-------+-------+-------+----------------------

Table legend:
 A = Kills in this place as a percentage of kills in entire the game.
 B = Kills by you in this place as a percentage of kills by you in the entire game.
 C = Kills by friends in this place as a percentage of kills by friends in the entire game.
 D = Other kills in this place as a percentage of other kills in the entire game.
 E = Experience gained in this place as a percentage of experience gained in the entire game.
 F = Experience gained in this place divided by the number of levels of this place that you have seen.
                   A       B       C       D       E      F
               +-------+-------+-------+-------+-------+----------------------
         Total | 100.0 | 100.0 |  -nan |  -nan | 100.0 |  28.0
       Dungeon | 100.0 | 100.0 |  -nan |  -nan | 100.0 |  28.0
               +-------+-------+-------+-------+-------+----------------------
